 Dungeon Crawl Stone Soup version 0.26-a0-597-gb535b0901c (webtiles) character file.

Game seed: 14789075606847284657

18 Lanoc the Sneak (level 2, -5/16 HPs)
             Began as a Vine Stalker Delver on Sept 4, 2020.
             Slain by an ogre
             ... wielding a +0 giant spiked club
              (21 damage)
             ... on level 5 of the Dungeon.
             The game lasted 00:00:16 (239 turns).

Lanoc the Sneak (Vine Stalker Delver)                Turns: 239, Time: 00:00:16

Health: -5/16      AC:  3    Str: 14    XL:     2   Next: 70%
Magic:  0/3        EV: 12    Int: 10    God:
Gold:   0          SH:  0    Dex: 15    Spells: 1/1 levels left

rFire    . . .     SeeInvis .   a - +0 falchion
rCold    . . .     Faith    .   (no shield)
rNeg     . . .     Spirit   +   b - +0 leather armour
rPois    .         Reflect  .   (no helmet)
rElec    .         Harm     .   (no cloak)
rCorr    .                      (no gloves)
MR       .....                  (no boots)
Stlth    +++.......             (no amulet)
HPRegen  0.05/turn              (no ring)
MPRegen  0.08/turn              (no ring)

@: no status effects
A: fangs 2, magic shield, antimagic bite, no potion heal 3, rot immunity
a: no special abilities


You were on level 5 of the Dungeon.
You visited 1 branch of the dungeon, and saw 1 of its levels.

Inventory:

Hand Weapons
 a - a +0 falchion (weapon)
Armour
 b - a +0 leather armour (worn)
Wands
 g - a wand of digging (3)
Scrolls
 c - a scroll of fog
 d - a scroll of magic mapping
 e - a scroll of fear
Potions
 f - a potion of haste


   Skills:
 + Level 3.1 Fighting
 - Level 1.7 Long Blades
 + Level 2.1 Dodging
 - Level 6.0 Stealth


You had one spell level left.
You didn't know any spells.
Your spell library was empty.

Dungeon Overview and Level Annotations

Branches:
Dungeon (5/15)
 Temple: D:4-7

Altars:


Innate Abilities, Weirdness & Mutations

You have extremely sharp teeth.
When hurt, damage is shared between your health and your magic reserves.
Your bite disrupts and absorbs the magic of your enemies.
Potions cannot restore your health.
You are immune to rotting.


Message History

You hit the howler monkey zombie. You bite the howler monkey zombie.
You drain its power.
The howler monkey zombie is almost destroyed.
The howler monkey zombie closely misses you.
The howler monkey zombie hits you.
You hit the howler monkey zombie.
You destroy the howler monkey zombie!
Your Dodging skill increases to level 2!
An adder skeleton comes into view.
The adder skeleton closely misses you.
You barely miss the adder skeleton.
The ogre shouts!
The adder skeleton closely misses you.
You hit the ogre. You bite the ogre. You drain its power.
You feel invigorated.
The ogre is lightly wounded.
You hit the ogre. Your bite misses the ogre.
The ogre is moderately wounded.
The ogre hits you with a +0 giant spiked club!!
Ouch! That really hurt!
You die...

..#.# #.#.# #.........
#.#.# #......... #.#.#
#......... ..#.#
#...(..... ###[# #####
#......... #.# #...#
#......... #.#
#.((#####..Z......
###.###.........@O.....#
.....##................+
.......................#
.....##........?.......#
......#....[...........#
......#.############.###
......#.. .# ......### #
#####.#


You could see an ogre and an adder skeleton.

Vanquished Creatures
  A howler monkey zombie (D:5)
  An ufetubus (D:5)
  An orc (D:5)
3 creatures vanquished.

Notes
Turn   | Place    | Note
-------+----------+-------------------------------------------
     0 | D:5      | Lanoc the Vine Stalker Delver began the quest for the Orb.
     0 | D:5      | Reached XP level 1. HP: 11/11 MP: 2/2
    24 | D:5      | Reached XP level 2. HP: 6/16 MP: 1/3
   224 | D:5      | Noticed an ogre
   239 | D:5      | Slain by an ogre

Illustrated notes

Levels and vault maps discovered:
D:5:      layout_basic, nrook_pool_corridor, nemelex_xobeh_ov_fountains_minmay

Skill      XL: |  1  2 |
---------------+-------+-----
Fighting       | 3 |  3.1
Dodging        | 2 |  2.1
Long Blades    | |  1.7
Stealth        | |  6.0

Action                   || total
-------------------------++-------
Melee: Falchion          ||    14
       Bite              ||     7
 Stab: Sleeping          ||     2
Armor: Leather armour    ||     2
Dodge: Dodged            ||     7
       Rpst.: Falchion   ||     1

Table legend: (Time is in decaauts)
 A = Elapsed time spent in this place.
 B = Non-inter-level travel time spent in this place.
 C = Inter-level travel time spent in this place.
 D = Time resting spent in this place.
 E = Time spent auto-exploring this place.
 F = Levels seen in this place.
 G = Mean time per level.
                   A        B        C        D        E       F      G
               +--------+--------+--------+--------+--------+-----+--------+
         Total |    241 |    241 |      0 |      0 |    208 |   1 |  241.0 |
       Dungeon |    241 |    241 |      0 |      0 |    208 |   1 |  241.0 |
               +--------+--------+--------+--------+--------+-----+--------+

Top non-repeatable levels by time:
     D:5: 241 daAuts
